AoeStats
← NutriaCriollaSinBachillerato

Arena

505149673Analyzed
3v3 RM · 25d ago on Sep 8, 2026· 24m 38s· 6 players
Game mode
Random Map
Map size
Normal (6 player)
Population
200
Speed
Normal
Resources
Standard
Victory
Conquest
Starting age
Dark Age
Ending age
Imperial Age
RankedLock teamsTeams togetherTeam positionsShared explorationLock speedFull tech treeHidden civsTurbo modeCheats
Victory
Defeat
🇺🇾 Japanese · Uruguay
1122
+14
🇺🇾 Malians · Uruguay
1114
+15
🇺🇾 Franks · Uruguay
1103
+15
🇨🇴 Spanish · Colombia
1155
-17
🇦🇷 Vietnamese · Argentina
1070
-14
🇦🇷 Celts · Argentina
1031
-13
DavidRhenals
10:54 Feudal Age
15:05 Castle Age
13:37 Loom
B Rabbit
11:30 Feudal Age
15:16 Castle Age
14:01 Loom
14:08 Horse Collar
14:30 Double-Bit Axe
18:39 Fletching
18:49 Padded Archer Armor
24:05 Thumb Ring
NutriaCriollaSinBachillerato
12:04 Feudal Age
17:06 Castle Age
21:10 Town Watch
carbonero
11:57 Feudal Age
15:58 Castle Age
14:33 Double-Bit Axe
15:03 Gold Mining
18:18 Bow Saw
18:33 Loom
23:25 Wheelbarrow
22:13 Elite Skirmisher
23:20 Fletching
23:30 Padded Archer Armor
Kimi
11:14 Feudal Age
15:09 Castle Age
14:08 Double-Bit Axe
16:38 Scale Mail Armor
bolsofp
11:04 Feudal Age
15:18 Castle Age
13:10 Double-Bit Axe
13:33 Stone Mining
14:06 Horse Collar
14:53 Gold Mining
19:00 Gold Shaft Mining
Connection lost

Rejoining the realm…

Still unreachable

The connection could not be restored.

Session expired

The server has moved on; the page needs a fresh start.